Map: Odyssey LE

Players

Juxtapose - Winner!

  • Race: Zerg Zerg
  • League: Gold
  • Spawn Location: 11:00

Jabalsal

  • Race: Protoss Protoss
  • Spawn Location: 5:00

VOD

https://youtu.be/Qj5X6bxm7R0

Description

Time

  • Played on: Nov. 15, 2017, 9:41 p.m.
  • Length: 11:38
Show
View Real Time Build Order
Export as new Build Order

Juxtapose Zerg - Winner!

Build Orders: Hatch First 

Get SALT Encoding   

  12  0:01  Drone  
  13  0:10  Drone  
  14  0:17  Overlord  
  15  0:35  Drone x2  
  16  0:53  Hatchery  
  16  0:54  Drone  
  16  1:02  Extractor  
  15  1:04  Drone  
  15  1:07  Overlord  
  16  1:23  Spawning Pool  
  15  1:36  Drone x2  
  15  1:37  Drone  
  18  1:48  Drone  
  19  1:58  Drone  
  20  2:07  Drone  
  21  2:09  Drone  
  22  2:18  Drone  
  23  2:33  Queen  
  23  2:35  Queen  
  23  2:36  Zergling x4  
  29  2:39  Metabolic Boost  
  29  2:40  Extractor  
  28  2:46  Evolution Chamber  
  28  2:47  Roach Warren  
  28  2:49  Drone  
  27  2:53  Drone  
  27  2:56  Drone  
  29  3:14  Lair  
  29  3:19  Drone x3  
  32  3:27  Queen  
  32  3:30  Drone x2  
  36  3:39  Spore Crawler  
  36  3:40  Overlord  
  35  3:45  Spore Crawler  
  34  3:54  Drone  
  34  3:55  Drone  
  36  3:57  Overlord  
  36  4:02  Drone x3  
  39  4:10  Queen  
  39  4:15  Drone x2  
  43  4:26  Hydralisk Den  
  43  4:27  Zerg Ground Armor Level 1  
  42  4:39  Drone x5  
  42  4:40  Drone  
  42  4:41  Extractor  
  42  4:43  Extractor  
  46  4:55  Overlord  
  46  4:57  Hydralisk x2  
  50  5:01  Drone x2  
  52  5:22  Muscular Augments  
  52  5:24  Hydralisk x2  
  52  5:25  Hatchery  
  52  5:26  Roach  
  57  5:36  Overlord x2  
  57  5:49  Overlord x3  
  57  5:51  Glial Reconstitution  
  57  6:06  Drone x3  
  57  6:07  Drone x3  
  63  6:16  Overseer x2  
  63  6:18  Overseer  
  63  6:25  Hydralisk x4  
  63  6:27  Roach x2  
  75  6:49  Drone x2  
  77  7:05  Zerg Missile Weapons Level 1  
  77  7:06  Infestation Pit  
  77  7:07  Roach x5  
  86  7:18  Drone x2  
  86  7:20  Drone x4  
  86  7:21  Drone x6  
  86  7:22  Overlord  
  98  7:32  Overlord x3  
  98  7:41  Roach x3, Hydralisk  
  98  7:43  Overlord x2  
  106  7:56  Extractor  
  106  7:57  Extractor  
  104  8:03  Zergling x10  
  104  8:04  Roach x3  
  104  8:05  Hydralisk x3  
  119  8:45  Hive  
  119  8:46  Hydralisk x3  
  119  8:47  Hydralisk x3  
  119  8:48  Roach x5  
  137  8:49  Roach x2  
  137  8:50  Overlord x2  
  145  9:01  Zerg Ground Armor Level 2  
  145  9:12  Drone x6  
  145  9:13  Drone x2  
  153  9:25  Pathogen Glands  
  157  9:52  Roach  
  157  9:53  Roach x3  
  157  9:54  Overlord x4  
  157  9:55  Overlord x2, Hatchery  
  146  10:25  Zergling x6  
  146  10:26  Hydralisk x6, Zergling x6  
  146  10:27  Roach x2  
  146  10:28  Roach x5  
  155  10:35  Queen  
  135  10:57  Ultralisk Cavern  
  135  10:59  Drone x5  
  135  11:00  Drone x5  
Show
View Real Time Build Order
Export as new Build Order

Jabalsal Protoss 

Build Orders:  

Get SALT Encoding   

  12  0:01  Probe  
  13  0:13  Pylon  
  13  0:18  Probe  
  14  0:32  Gateway  
  14  0:36  Probe (Chrono Boost)  
  16  0:47  Assimilator, Probe (Chrono Boost)  
  16  0:50  Probe  
  17  1:07  Probe (Chrono Boost)  
  18  1:13  Pylon  
  19  1:22  Probe (Chrono Boost)  
  19  1:23  Cybernetics Core  
  19  1:25  Assimilator  
  19  1:29  Probe  
  20  1:44  Gateway  
  20  1:46  Probe  
  21  1:58  Probe  
  22  2:09  Gateway  
  22  2:13  Pylon  
  22  2:15  Zealot  
  24  2:18  Probe  
  25  2:26  Warp Gate (Chrono Boost)  
  25  2:52  Nexus  
  25  2:59  Adept (Chrono Boost)  
  27  3:12  Pylon  
  27  3:18  Shield Battery  
  27  3:23  Pylon  
  27  3:36  Forge  
  27  3:51  Probe  
  28  4:00  Robotics Facility  
  28  4:04  Probe, Twilight Council  
  28  4:05  Probe  
  30  4:11  Photon Cannon  
  30  4:22  Probe x2  
  32  4:25  Adept  
  32  4:28  Adept  
  36  4:35  Probe  
  36  4:36  Probe  
  38  4:47  Observer (Chrono Boost)  
  38  4:51  Charge (Chrono Boost), Pylon  
  39  4:53  Probe x2  
  39  4:56  Stalker  
  43  5:02  Stalker  
  43  5:05  Probe x2  
  47  5:12  Pylon  
  47  5:17  Probe  
  47  5:18  Probe  
  49  5:26  Stalker x2  
  53  5:39  Probe x2  
  55  5:43  Protoss Ground Weapons Level 1  
  55  5:47  Immortal (Chrono Boost)  
  55  5:49  Assimilator  
  59  5:51  Assimilator  
  59  6:00  Probe x2  
  59  6:02  Zealot x2  
  59  6:03  Zealot  
  67  6:12  Observer, Probe x2  
  69  6:22  Resonating Glaives (Chrono Boost)  
  69  6:24  Gateway  
  69  6:25  Gateway  
  69  6:27  Gateway  
  69  6:38  Probe x2  
  71  6:41  Zealot x3  
  76  6:50  Immortal (Chrono Boost)  
  76  6:52  Robotics Bay  
  80  6:56  Probe x2  
  82  7:10  Nexus  
  82  7:14  Pylon  
  82  7:16  Probe  
  82  7:17  Probe  
  85  7:31  Observer (Chrono Boost)  
  85  7:36  Pylon  
  85  7:40  Protoss Ground Weapons Level 2, Pylon  
  85  7:41  Pylon  
  85  7:42  Pylon  
  85  7:45  Zealot x2  
  85  7:46  Zealot x2  
  93  7:55  Probe  
  93  7:56  Probe  
  94  8:08  Probe  
  94  8:09  Colossus (Chrono Boost)  
  94  8:10  Sentry  
  94  8:11  Sentry  
  105  8:22  Probe x3  
  108  8:37  Extended Thermal Lance (Chrono Boost)  
  108  8:38  Probe x2  
  108  8:39  Probe  
  111  8:43  Assimilator  
  111  8:45  Pylon  
  111  8:47  Stalker x2, Assimilator, Pylon  
  111  8:48  Stalker x3  
  119  8:51  Stalker  
  123  8:57  Shield Battery  
  123  8:58  Photon Cannon  
  123  9:00  Probe  
  123  9:01  Probe  
  123  9:02  Probe  
  126  9:06  Warp Prism (Chrono Boost)  
  128  9:10  Blink (Chrono Boost)  
  128  9:16  Templar Archives  
  128  9:22  Probe x3  
  131  9:25  Photon Cannon  
  131  9:27  Pylon  
  131  9:34  Probe x3  
  131  9:37  Pylon  
  134  9:38  Pylon  
  134  9:40  Colossus  
  140  9:54  Zealot x4  
  140  9:55  Zealot x2  
  84  10:36  Zealot x3  
  84  10:37  Zealot x3  
  84  10:45  Immortal  
  78  10:52  Photon Cannon  
  78  10:59  Adept x5  
  78  11:00  Adept  
  90  11:17  Gateway  
  90  11:19  Gateway  
  90  11:21  Gateway  
  90  11:24  Zealot x4  
  90  11:25  Zealot x2  
Tags
 
League
Gold
Matchup
PvZ
Spawn Locations
Cross Positions
Add a new tag
Caveats
  • Supply blocks, unpowered buildings, or Contaminate may cause inaccurate times.
  • Supply counts are checked every 10 seconds.